TOP OF THE 1ST |
Arkansas Razorbacks batting - Pitching for Notre Dame Fighting Irish : RHP Bill Wiggins
|
Pitching: RHP Bill Wiggins
|
|
Batting: RHB Domingo Morales
|
0-0: Foul Ball, location: 2F 0-1: Fly out, F8 (Flyball, 8RS)
|
Batting: RHB Bobby Miles
|
0-0: Ball 1-0: Swinging Strike 1-1: Ball 2-1: Foul Ball, location: 2F 2-2: Ball 3-2: Base on Balls
|
Batting: LHB Carter Sweet
|
0-0: Called Strike 0-1: Foul Ball, location: 2F 0-2: Grounds out, U3 (Groundball, 3L)
|
Batting: RHB Jon Anderson
|
0-0: Ball 1-0: Ball 2-0: Ball 3-0: Called Strike 3-1: Foul Ball, location: 2F 3-2: Foul Ball, location: 2F 3-2: Base on Balls
|
Batting: LHB Robert Mann
|
0-0: Called Strike 0-1: Ball 1-1: Foul Ball, location: 2F 1-2: Foul Ball, location: 2F 1-2: Ball 2-2: Foul Ball, location: 2F 2-2: Ball 3-2: Strikes out swinging
|
Top of the 1st over - 0 run(s), 0 hit(s), 0 error(s), 2 left on base; Arkansas 0 - Notre Dame 0 |
BOTTOM OF THE 1ST |
Notre Dame Fighting Irish batting - Pitching for Arkansas Razorbacks : RHP Lloyd Harmon
|
Pitching: RHP Lloyd Harmon
|
|
Batting: SHB Carlos Ramírez
|
0-0: Ball 1-0: Ball 2-0: Ball 3-0: Base on Balls
|
Batting: SHB Ron Estes
|
0-0: Ball 1-0: Ball 2-0: Foul Ball, location: 2F 2-1: Foul Ball, location: 2F 2-2: Foul Ball, location: 2F 2-2: Foul Ball, location: 2F 2-2: Ball 3-2: Base on Balls Carlos Ramírez to second
|
Batting: SHB Ken Austin
|
0-0: Foul Ball, location: 2F 0-1: Ball 1-1: Ball 2-1: Ball Carlos Ramírez is caught stealing 3rd base Ron Estes to second 3-1: Called Strike 3-2: Strikes out swinging
|
Batting: RHB Carlos Gómez
|
0-0: Ball 1-0: Ground out 4-3 (Groundball, 4)
|
Bottom of the 1st over - 0 run(s), 0 hit(s), 0 error(s), 1 left on base; Arkansas 0 - Notre Dame 0 |
TOP OF THE 2ND |
Arkansas Razorbacks batting - Pitching for Notre Dame Fighting Irish : RHP Bill Wiggins
|
Batting: RHB Cipriano Vega
|
0-0: Ball 1-0: Ball 2-0: Called Strike 2-1: Ball 3-1: Base on Balls
|
Batting: RHB John Gauthier
|
0-0: Ball 1-0: Called Strike 1-1: Grounds into double play, 6-4-3 (Groundball, 6)
|
Batting: SHB Ed Dundee
|
0-0: Ball 1-0: Ball 2-0: Ball 3-0: Base on Balls
|
Batting: LHB Edgardo Aguilar
|
0-0: Ball 1-0: Ball 2-0: Swinging Strike 2-1: Ball 3-1: DOUBLE (Line Drive, 7LM) Ed Dundee to third Runner from 3rd tries for Home, SAFE, no throw or cutoff
|
Batting: RHB Domingo Morales
|
0-0: Called Strike 0-1: Ball 1-1: Ball 2-1: Foul Ball, location: 2F 2-2: Fly out, F8 (Line Drive, 8LM)
|
Top of the 2nd over - 1 run(s), 1 hit(s), 0 error(s), 1 left on base; Arkansas 1 - Notre Dame 0 |
BOTTOM OF THE 2ND |
Notre Dame Fighting Irish batting - Pitching for Arkansas Razorbacks : RHP Lloyd Harmon
|
Batting: LHB Lou Goeble
|
0-0: Ball 1-0: Ball 2-0: Called Strike 2-1: Called Strike 2-2: Strikes out looking
|
Batting: RHB Lee Scott
|
0-0: Ball 1-0: Ball 2-0: Called Strike 2-1: Ball 3-1: Foul Ball, location: 2F 3-2: Base on Balls
|
Batting: RHB Silas Small
|
0-0: Foul Ball, location: 2F 0-1: Called Strike 0-2: Foul Ball, location: 2F 0-2: Ball 1-2: Strikes out swinging
|
Batting: RHB Isaac Ridings
|
0-0: Called Strike Lee Scott steals 2nd base 0-1: SINGLE (Line Drive, 9LS) Lee Scott to third
|
Batting: RHB Mike Thompson
|
0-0: Called Strike 0-1: Called Strike 0-2: Strikes out swinging
|
Bottom of the 2nd over - 0 run(s), 1 hit(s), 0 error(s), 2 left on base; Arkansas 1 - Notre Dame 0 |
TOP OF THE 3RD |
Arkansas Razorbacks batting - Pitching for Notre Dame Fighting Irish : RHP Bill Wiggins
|
Batting: RHB Bobby Miles
|
0-0: Ball 1-0: SINGLE (Groundball, 34D)
|
Batting: LHB Carter Sweet
|
0-0: Foul Ball, location: 2F 0-1: 2-RUN HOME RUN (Flyball, 9D), Distance : 358 ft
|
Batting: RHB Jon Anderson
|
0-0: Ball 1-0: Ground out 4-3 (Groundball, 4M)
|
Batting: LHB Robert Mann
|
0-0: Swinging Strike 0-1: Ball 1-1: Foul Ball, location: 2F 1-2: Ball 2-2: Ball 3-2: Fly out, F8 (Flyball, 8LS)
|
Batting: RHB Cipriano Vega
|
0-0: Ball 1-0: Foul Ball, location: 2F 1-1: Swinging Strike 1-2: Fly out, F9 (Flyball, 9LM)
|
Top of the 3rd over - 2 run(s), 2 hit(s), 0 error(s), 0 left on base; Arkansas 3 - Notre Dame 0 |
BOTTOM OF THE 3RD |
Notre Dame Fighting Irish batting - Pitching for Arkansas Razorbacks : RHP Lloyd Harmon
|
Batting: SHB Carlos Ramírez
|
0-0: Ball 1-0: Foul Ball, location: 2F 1-1: Foul Ball, location: 2F 1-2: Ground out 5-3 (Groundball, 56)
|
Batting: SHB Ron Estes
|
0-0: Fly out, F8 (Flyball, 8LM)
|
Batting: SHB Ken Austin
|
0-0: Ball 1-0: Ball 2-0: Called Strike 2-1: Swinging Strike 2-2: Ball 3-2: Base on Balls
|
Batting: RHB Carlos Gómez
|
0-0: SINGLE (Flyball, 8RS) Ken Austin to second
|
Batting: LHB Lou Goeble
|
0-0: Ball 1-0: Fly out, F7 (Flyball, 7M)
|
Bottom of the 3rd over - 0 run(s), 1 hit(s), 0 error(s), 2 left on base; Arkansas 3 - Notre Dame 0 |
TOP OF THE 4TH |
Arkansas Razorbacks batting - Pitching for Notre Dame Fighting Irish : RHP Bill Wiggins
|
Batting: RHB John Gauthier
|
0-0: Called Strike 0-1: Ball 1-1: DOUBLE (Line Drive, 89M)
|
Batting: SHB Ed Dundee
|
0-0: Called Strike 0-1: Ball 1-1: Foul Ball, location: 2F 1-2: Foul Ball, location: 2F 1-2: Ball 2-2: Ball 3-2: Base on Balls
|
Batting: LHB Edgardo Aguilar
|
0-0: Foul Ball, location: 2F 0-1: Swinging Strike 0-2: Ball 1-2: Ball 2-2: Ball 3-2: Foul Ball, location: 2F 3-2: Strikes out swinging
|
Pitching: RHP Steve Benton
|
|
Batting: RHB Domingo Morales
|
0-0: Called Strike 0-1: Called Strike 0-2: Ball 1-2: Foul Ball, location: 2F 1-2: Strikes out swinging
|
Batting: RHB Bobby Miles
|
0-0: Called Strike 0-1: Swinging Strike 0-2: Ball 1-2: Ball 2-2: Foul Ball, location: 2F 2-2: Foul Ball, location: 2F 2-2: Foul Ball, location: 2F 2-2: Foul Ball, location: 2F 2-2: SINGLE (Groundball, 4M) John Gauthier to third Ed Dundee to second Runner from 3rd tries for Home, SAFE, no throw or cutoff
|
Batting: LHB Carter Sweet
|
0-0: Called Strike 0-1: Ball 1-1: Foul Ball, location: 2F 1-2: Fly out, F6 (Popup, 5DF)
|
Top of the 4th over - 1 run(s), 2 hit(s), 0 error(s), 2 left on base; Arkansas 4 - Notre Dame 0 |
BOTTOM OF THE 4TH |
Notre Dame Fighting Irish batting - Pitching for Arkansas Razorbacks : RHP Lloyd Harmon
|
Batting: RHB Lee Scott
|
0-0: Ground out 4-3 (Groundball, 4)
|
Batting: RHB Silas Small
|
0-0: Ball 1-0: Ball 2-0: Foul Ball, location: 2F 2-1: Ball 3-1: Base on Balls
|
Batting: RHB Isaac Ridings
|
0-0: Swinging Strike 0-1: Swinging Strike 0-2: Ball 1-2: Fly out, F9 (Flyball, 89M)
|
Batting: RHB Mike Thompson
|
0-0: Ball 1-0: Fly out, F9 (Flyball, 89D)
|
Bottom of the 4th over - 0 run(s), 0 hit(s), 0 error(s), 1 left on base; Arkansas 4 - Notre Dame 0 |
TOP OF THE 5TH |
Arkansas Razorbacks batting - Pitching for Notre Dame Fighting Irish : RHP Steve Benton
|
Batting: RHB Jon Anderson
|
0-0: Ground out 2-3 (Groundball, 2L)
|
Batting: LHB Robert Mann
|
0-0: Ball 1-0: Called Strike 1-1: Swinging Strike 1-2: Ball 2-2: Foul Ball, location: 2F 2-2: Foul Ball, location: 2F 2-2: Strikes out swinging
|
Batting: RHB Cipriano Vega
|
0-0: Foul Ball, location: 2F 0-1: Fly out, F8 (Flyball, 89M)
|
Top of the 5th over - 0 run(s), 0 hit(s), 0 error(s), 0 left on base; Arkansas 4 - Notre Dame 0 |
BOTTOM OF THE 5TH |
Notre Dame Fighting Irish batting - Pitching for Arkansas Razorbacks : RHP Lloyd Harmon
|
Batting: SHB Carlos Ramírez
|
0-0: Called Strike 0-1: Foul Ball, location: 2F 0-2: Ball 1-2: Strikes out swinging
|
Batting: SHB Ron Estes
|
0-0: Ball 1-0: Called Strike 1-1: Foul Ball, location: 2F 1-2: Ground out 4-3 (Groundball, 4)
|
Batting: SHB Ken Austin
|
0-0: Called Strike 0-1: Fly out, F1 (Popup, 15S)
|
Bottom of the 5th over - 0 run(s), 0 hit(s), 0 error(s), 0 left on base; Arkansas 4 - Notre Dame 0 |
TOP OF THE 6TH |
Arkansas Razorbacks batting - Pitching for Notre Dame Fighting Irish : RHP Steve Benton
|
Batting: RHB John Gauthier
|
0-0: Foul Ball, location: 2F 0-1: Foul Ball, location: 2F 0-2: Strikes out swinging
|
Batting: SHB Ed Dundee
|
0-0: Called Strike 0-1: Ground out 6-3 (Groundball, 6)
|
Batting: LHB Edgardo Aguilar
|
0-0: Foul Ball, location: 2F 0-1: SINGLE (Line Drive, 6MD)
|
Batting: RHB Domingo Morales
|
0-0: Ground out 6-3 (Groundball, 56)
|
Top of the 6th over - 0 run(s), 1 hit(s), 0 error(s), 1 left on base; Arkansas 4 - Notre Dame 0 |
BOTTOM OF THE 6TH |
Notre Dame Fighting Irish batting - Pitching for Arkansas Razorbacks : RHP Lloyd Harmon
|
Batting: RHB Carlos Gómez
|
0-0: Ball 1-0: Called Strike 1-1: Foul Ball, location: 2F 1-2: Strikes out swinging
|
Pitching: RHP Joe Reed
|
|
Batting: LHB Lou Goeble
|
0-0: Swinging Strike 0-1: Swinging Strike 0-2: Ball 1-2: Foul Ball, location: 2F 1-2: SINGLE (Groundball, 15) (infield hit)
|
Batting: RHB Lee Scott
|
0-0: Foul Ball, location: 2F 0-1: Foul Ball, location: 2F 0-2: Strikes out swinging
|
Batting: RHB Silas Small
|
0-0: Ball 1-0: Ball 2-0: Called Strike 2-1: Ball 3-1: Called Strike 3-2: Base on Balls Lou Goeble to second
|
Batting: RHB Isaac Ridings
|
0-0: Ball 1-0: Called Strike 1-1: Ball 2-1: Reached on error, E6 (Groundball, 6) Lou Goeble to third Silas Small to second
|
Batting: RHB Mike Thompson
|
0-0: Swinging Strike 0-1: Swinging Strike 0-2: SINGLE (Line Drive, 3) Lou Goeble scores Silas Small to third Isaac Ridings to second Runner from 3rd tries for Home, SAFE, no throw or cutoff
|
Batting: SHB Carlos Ramírez
|
0-0: SINGLE (Line Drive, 78M) Isaac Ridings to third Mike Thompson to second Runner from 3rd tries for Home, throw and OUT!
|
Bottom of the 6th over - 2 run(s), 3 hit(s), 1 error(s), 2 left on base; Arkansas 4 - Notre Dame 2 |
TOP OF THE 7TH |
Arkansas Razorbacks batting - Pitching for Notre Dame Fighting Irish : RHP Steve Benton
|
Pitching: RHP Ted Patterson
|
|
Batting: RHB Bobby Miles
|
0-0: Ball 1-0: SINGLE (Groundball, 56)
|
Batting: LHB Carter Sweet
|
0-0: Ball 1-0: Ball 2-0: Ball 3-0: Called Strike 3-1: Foul Ball, location: 2F 3-2: Foul Ball, location: 2F 3-2: SINGLE (Groundball, 34D) Bobby Miles to second Bobby Miles to third
|
Batting: RHB Jon Anderson
|
0-0: SINGLE (Groundball, 56) Bobby Miles scores Carter Sweet to second
|
Batting: LHB Robert Mann
|
0-0: Called Strike 0-1: Foul Ball, location: 2F 0-2: Ball 1-2: Strikes out swinging
|
Batting: RHB Cipriano Vega
|
0-0: Swinging Strike 0-1: Ball 1-1: Ball 2-1: Fly out, F8 (Flyball, 8LD) Runner from 2nd tags up, SAFE at 3rd, no throw
|
Batting: RHB John Gauthier
|
0-0: Fielders Choice at 2nd, U4 (Groundball, 4M)
|
Top of the 7th over - 1 run(s), 3 hit(s), 0 error(s), 2 left on base; Arkansas 5 - Notre Dame 2 |
BOTTOM OF THE 7TH |
Notre Dame Fighting Irish batting - Pitching for Arkansas Razorbacks : RHP Joe Reed
|
Batting: SHB Ron Estes
|
0-0: Ball 1-0: Fly out, F8 (Flyball, 8RM)
|
Batting: SHB Ken Austin
|
0-0: Ball 1-0: Foul Ball, location: 2F 1-1: Ground out 4-3 (Groundball, 4)
|
Batting: RHB Carlos Gómez
|
0-0: Called Strike 0-1: Ball 1-1: Foul Ball, location: 2F 1-2: Strikes out swinging
|
Bottom of the 7th over - 0 run(s), 0 hit(s), 0 error(s), 0 left on base; Arkansas 5 - Notre Dame 2 |
TOP OF THE 8TH |
Arkansas Razorbacks batting - Pitching for Notre Dame Fighting Irish : RHP Jason Erickson
|
Pitching: RHP Jason Erickson
|
|
Batting: SHB Ed Dundee
|
0-0: Swinging Strike 0-1: Ball 1-1: Ball 2-1: Ground out 3-1 (Groundball, 34S)
|
Batting: LHB Edgardo Aguilar
|
0-0: Called Strike 0-1: Ball 1-1: Fly out, F7 (Flyball, 7M)
|
Batting: RHB Domingo Morales
|
0-0: Called Strike 0-1: Ball 1-1: SINGLE (Groundball, 23) (infield hit)
|
Batting: RHB Bobby Miles
|
0-0: Ball 1-0: Ball 2-0: Ball 3-0: Called Strike 3-1: Called Strike 3-2: Base on Balls Domingo Morales to second
|
Batting: LHB Carter Sweet
|
0-0: Called Strike 0-1: Ball 1-1: Foul Ball, location: 2F 1-2: Ball 2-2: Strikes out swinging
|
Top of the 8th over - 0 run(s), 1 hit(s), 0 error(s), 2 left on base; Arkansas 5 - Notre Dame 2 |
BOTTOM OF THE 8TH |
Notre Dame Fighting Irish batting - Pitching for Arkansas Razorbacks : RHP Joe Reed
|
Now in LF: Heath O'Keerwin
|
|
Batting: LHB Lou Goeble
|
0-0: Ground out 6-3 (Groundball, 6)
|
Pitching: RHP Fernando Villarroel
|
|
Batting: RHB Lee Scott
|
0-0: Ball 1-0: Called Strike 1-1: Ball 2-1: Foul Ball, location: 2F 2-2: Fly out, F8 (Line Drive, 8LD)
|
Batting: RHB Silas Small
|
0-0: Called Strike 0-1: Ground out 6-3 (Groundball, 6)
|
Bottom of the 8th over - 0 run(s), 0 hit(s), 0 error(s), 0 left on base; Arkansas 5 - Notre Dame 2 |
TOP OF THE 9TH |
Arkansas Razorbacks batting - Pitching for Notre Dame Fighting Irish : RHP Jason Erickson
|
Batting: RHB Jon Anderson
|
0-0: Called Strike 0-1: Foul Ball, location: 2F 0-2: Strikes out looking
|
Batting: LHB Robert Mann
|
0-0: Ball 1-0: SINGLE (Groundball, 5D)
|
Batting: RHB Cipriano Vega
|
0-0: Foul Ball, location: 2F 0-1: Fly out, F7 (Line Drive, 78M)
|
Batting: RHB John Gauthier
|
0-0: 2-RUN HOME RUN (Flyball, 89XD), Distance : 364 ft
|
Batting: SHB Ed Dundee
|
0-0: Ball 1-0: Ball 2-0: Called Strike 2-1: Swinging Strike 2-2: Foul Ball, location: 2F 2-2: Foul Ball, location: 2F 2-2: Strikes out swinging
|
Top of the 9th over - 2 run(s), 2 hit(s), 0 error(s), 0 left on base; Arkansas 7 - Notre Dame 2 |
BOTTOM OF THE 9TH |
Notre Dame Fighting Irish batting - Pitching for Arkansas Razorbacks : RHP Fernando Villarroel
|
Batting: RHB Isaac Ridings
|
0-0: Ground out 6-3 (Groundball, 6)
|
Batting: RHB Mike Thompson
|
0-0: Ball 1-0: Ball 2-0: SOLO HOME RUN (Flyball, 8LXD), Distance : 403 ft
|
Batting: SHB Carlos Ramírez
|
0-0: Called Strike 0-1: Foul Ball, location: 2F 0-2: Ground out 4-3 (Groundball, 4M)
|
Batting: SHB Ron Estes
|
0-0: Foul Ball, location: 2F 0-1: SINGLE (Line Drive, 78S)
|
Batting: SHB Ken Austin
|
0-0: SINGLE (Groundball, 6MD) Ron Estes to second
|
Pitching: LHP Arnie Smeddon
|
|
Batting: RHB Carlos Gómez
|
0-0: Fly out, F9 (Flyball, 9LS)
|
Bottom of the 9th over - 1 run(s), 3 hit(s), 0 error(s), 2 left on base; Arkansas 7 - Notre Dame 3 |
|